 Dungeon Crawl Stone Soup version 0.23.0-33-g5e6c059 (webtiles) character file.

Game seed: 12869716176242812330

113 Borgoz the Ruffian (level 4, -3/37 HPs)
             Began as a Ghoul Warper on Feb 26, 2019.
             Killed from afar by an orc wizard (9 damage)
             ... with a magic dart
             ... on level 3 of the Dungeon.
             The game lasted 00:03:28 (1742 turns).

Borgoz the Ruffian (Ghoul Warper)                   Turns: 1742, Time: 00:03:29

Health: -3/37      AC:  5    Str: 14    XL:     4   Next: 96%
Magic:  5/5        EV: 16    Int:  8    God:
Gold:   128        SH:  0    Dex: 14    Spells: 6/6 levels left

rFire    . . .     SeeInvis .     - Unarmed
rCold    + . .     Gourm    .   (no shield)
rNeg     + + +     Faith    .   m - +0 ring mail
rPois    ∞         Spirit   .   (no helmet)
rElec    .         Reflect  .   (no cloak)
rCorr    .         Harm     .   (no gloves)
MR       .....                  (no boots)
Stlth    ++........             (no amulet)
HPRegen  0.00/turn              (no ring)
MPRegen  0.09/turn              (no ring)

@: agile, rotting, slowed, very slow
A: rotting body, claws 1, carnivore, cold resistance 1, negative energy
resistance 3, inhibited regeneration, torment resistance, unbreathing
a: no special abilities


You were on level 3 of the Dungeon.
You were not hungry.

You visited 1 branch of the dungeon, and saw 3 of its levels.

You collected 128 gold pieces.

Inventory:

Hand Weapons
 p - a +0 blowgun
Missiles
 d - 5 tomahawks of dispersal (quivered)
 q - 13 poisoned needles
Armour
 a - a +0 leather armour
 m - a +0 ring mail (worn)
Scrolls
 c - 2 scrolls of blinking
 h - 2 scrolls of fog {unknown}
 i - a scroll of amnesia {unknown}
 j - a scroll of remove curse {unknown}
Potions
 b - 2 potions of curing
 e - a potion of agility
 g - a potion of ambrosia {unknown}
 k - 2 potions of haste {unknown}
 l - 2 potions of brilliance {unknown}
 o - a potion of heal wounds {unknown}
Comestibles
 f - 3 rations
 n - 4 chunks of flesh


   Skills:
 + Level 2.8 Fighting
 - Level 0.8 Throwing
 + Level 1.5 Armour
 * Level 2.7 Dodging
 + Level 1.7 Stealth
 * Level 3.5 Unarmed Combat
 - Level 1.7 Spellcasting
   Level 2.6 Translocations


You had 6 spell levels left.
You didn't know any spells.
Your spell library contained the following spells:

 Spells                   Type           Power        Failure   Level  Hunger
 Blink                    Tloc           N/A          36%         2    ###....
 Shroud of Golubria       Chrm/Tloc      #.........   54%         2    ###....
 Gell's Gravitas          Tloc           #.........   58%         3    ####...
 Lesser Beckoning         Tloc           #.........   58%         3    ####...
 Teleport Other           Tloc           #.......     58%         3    ####...
 Passage of Golubria      Tloc           N/A          94%         4    #####..


Dungeon Overview and Level Annotations

Branches:
Dungeon (3/15)

Altars:


Innate Abilities, Weirdness & Mutations

Your body is rotting away.
You thrive on raw meat.
You are immune to poison.
You have sharp fingernails.
You are carnivorous and can eat meat at any time.
Your flesh is cold resistant. (rC+)
You are immune to negative energy. (rN+++)
You do not regenerate when monsters are visible.
You are immune to unholy pain and torment.
You can survive without breathing.


Message History

The orc wizard closely misses you.
Eat one of 5 chunks of flesh? (ye/n/q)
You eat one of the 5 chunks of flesh.
You feel more resilient.
This raw flesh tastes great!
The orc wizard misses you. The orc hits you with a +0 flail.
The orc wizard misses you. The orc barely misses you.
You scratch the orc wizard but do no damage.
The orc wizard is heavily wounded.
The orc wizard points at you and mumbles some strange words.
You resist with some effort.
The orc wizard hits you but does no damage.
The orc hits you but does no damage.
You scratch the orc wizard.
The orc wizard is almost dead.
The orc wizard gestures at you while chanting.
The magic dart hits you!
* * * LOW HITPOINT WARNING * * *
The orc wizard points at you and mumbles some strange words.
The magic dart hits you!
You die...

#...# #.#### #...# #..[..
########÷..###########
#..............#
#.#####....###.#
#####.#####......#.#
#..................#
#.###.#.o##).#.....######
#.##.....@oo............#
#.##.##.###........####.#
#.......# #...##..## #.#
#.##.#.##
#......o#####.##
#.##..÷.#
###.######..)...
#.####..#
###.#####.#.#.##
#...÷...# #.....##.#.#..#
#######.#
#.....###...#### #.#
#.....##........


You could see an orc wizard and 2 orcs.

Vanquished Creatures
  An orc priest (D:3)
  2 adders
  2 oozes
  2 dart slugs (D:1)
  2 leopard geckos (D:1)
  2 ball pythons
  10 bats
  3 giant cockroaches
  6 goblins
  4 hobgoblins
  3 jackals (D:3)
  5 kobolds
  9 frilled lizards
  4 rats
55 creatures vanquished.

Notes
Turn   | Place    | Note
-------+----------+-------------------------------------------
     0 | D:1      | Borgoz the Ghoul Warper began the quest for the Orb.
     0 | D:1      | Reached XP level 1. HP: 17/17 MP: 2/2
   157 | D:1      | Reached skill level 1 in Armour
   177 | D:1      | Reached XP level 2. HP: 17/25 MP: 3/3
   301 | D:1      | Reached XP level 3. HP: 29/30 MP: 4/4
   307 | D:1      | Reached skill level 1 in Stealth
   850 | D:2      | Reached skill level 3 in Unarmed Combat
  1337 | D:2      | Reached XP level 4. HP: 33/37 MP: 5/5
  1742 | D:3      | Killed from afar by an orc wizard

Skill      XL: |  1  2  3 |
---------------+----------+-----
Armour         | 1 |  1.5
Dodging        | 2 |  2.7
Stealth        | 1 |  1.7
Unarmed Combat | 3 |  3.5
Fighting       | |  2.8
Throwing       | |  0.8
Spellcasting   | |  1.7
Translocations | |  2.6

Action                   |  1- 3 |  4- 6 || total
-------------------------+-------+-------++-------
Melee: Unarmed           |   118 |    64 ||   182
       Punch             |     1 |     2 ||     3
  Use: Potion            |       |     2 ||     2
 Stab: Sleeping          |     1 |       ||     1
  Eat: Chunk             |    11 |     3 ||    14
Armor: Leather armour    |    20 |       ||    20
       Ring mail         |    14 |    30 ||    44
Dodge: Dodged            |    57 |    60 ||   117
